 Dungeon Crawl Stone Soup version 0.24-a0-176-gc3651c4 (webtiles) character file.

Game seed: 7366199491828785352

198 Dfrag the Firebug (level 5, -3/36 HPs)
             Began as a Demonspawn Fire Elementalist on Mar 12, 2019.
             Killed by nerve-wracking pain
             ... invoked by an orc priest
              (11 damage)
             ... on level 3 of the Dungeon.
             The game lasted 00:05:05 (2250 turns).

Dfrag the Firebug (Demonspawn Fire Elementalist)    Turns: 2250, Time: 00:05:05

Health: -3/36      AC:  3    Str:  9    XL:     5   Next: 47%
Magic:  9/10       EV: 12    Int: 17    God:
Gold:   138        SH:  3    Dex: 13    Spells: 9/10 levels left

rFire    . . .     SeeInvis .   (no weapon)
rCold    . . .     Gourm    .   (no shield)
rNeg     . . .     Faith    .   a - +0 robe
rPois    .         Spirit   .   (no helmet)
rElec    .         Reflect  +   (no cloak)
rCorr    .         Harm     .   (no gloves)
MR       .....                  (no boots)
Stlth    ++........             e - +3 amulet of reflection
HPRegen  0.12/turn              (no ring)
MPRegen  0.12/turn              (no ring)

@: no status effects
A: rugged brown scales 1, powered by pain 1
a: no special abilities


You were on level 3 of the Dungeon.
You were not hungry.

You visited 1 branch of the dungeon, and saw 4 of its levels.

You collected 138 gold pieces.

Inventory:

Hand Weapons
 n - a +0 mace
Armour
 a - a +0 robe (worn)
Jewellery
 e - a +3 amulet of reflection (around neck)
 k - an uncursed amulet of the gourmand {unknown}
Scrolls
 d - 2 scrolls of teleportation {unknown}
 h - a scroll of enchant armour {unknown}
 i - a scroll of identify {unknown}
 o - a scroll of noise {unknown}
Potions
 b - a potion of brilliance {unknown}
 f - a potion of curing {unknown}
 g - a potion of lignification {unknown}
 j - 3 potions of ambrosia {unknown}
 l - a potion of might {unknown}
 m - a potion of agility {unknown}
 q - a potion of mutation {unknown}
 r - a potion of degeneration {unknown}
Comestibles
 c - 5 rations
 p - a chunk of flesh


   Skills:
 - Level 1.7 Dodging
 - Level 1.7 Stealth
 + Level 3.4 Spellcasting
 + Level 3.1 Conjurations
 + Level 3.9 Fire Magic


You had 9 spell levels left.
You knew the following spells:

 Your Spells              Type           Power        Failure   Level  Hunger
a - Flame Tongue          Conj/Fire      ###..        3%          1    None

Your spell library contained the following spells:

 Spells                   Type           Power        Failure   Level  Hunger
 Throw Flame              Conj/Fire      ###...       6%          2    ##.....
 Conjure Flame            Conj/Fire      ###.....     12%         3    ###....
 Inner Flame              Hex/Fire       #.......     22%         3    ###....
 Sticky Flame             Conj/Fire      ###.....     36%         4    ####...
 Fireball                 Conj/Fire      ###.......   71%         5    ######.


Dungeon Overview and Level Annotations

Branches:
Dungeon (4/15)
 Temple: D:4-7

Altars:
Gozag
Nemelex Xobeh


Innate Abilities, Weirdness & Mutations

You are partially covered in rugged brown scales. (AC +1, +3% HP)
You sometimes gain a little power by taking damage.


Message History

There is a stone staircase leading up here.
Magic restored.
The orc hits you from afar with a +0 trident.
The orc wizard misses you. The orc hits you with a +0 flail.
The orc priest hits you.
You climb upwards.
There is a stone staircase leading down here.
Casting: Flame Tongue (safe; 3% risk of failure)
Confirm with . or Enter, or press ? or * to list all spells.
Aiming: Flame Tongue (safe; 3% risk of failure)
Press: ? - help, Shift-Dir - straight line, f - orc priest
Aim: an orc priest The flame tongue hits the orc priest.
The orc priest is moderately wounded.
The orc wizard casts a spell at you. You resist with some effort.
The orc hits you with a +0 flail.
* * * LOW HITPOINT WARNING * * *
The orc priest mumbles some strange prayers to Beogh against you.
Pain shoots through your body!
You die...

#...#.#...........#..#..##
#...#.#############..#..##
#...#................#..##
#...#................#..##
#...'...........†....#....
#...#(################..##
#.........>.............##
#.......................##
###........@o.............#
#.....)....oo.............#
#...(####.....#############
#....# #.....# #....#
#.....# #....# #.....#
#....# #.....# #.(..#
####### #[...#


You could see an orc priest, an orc wizard and an orc.

Vanquished Creatures
  3 jellies (D:2)
  An adder (D:2)
  9 oozes (D:2)
  2 worms (D:2)
  2 dart slugs
  A leopard gecko (D:2)
  2 giant cockroaches
  6 goblins
  3 hobgoblins
  8 bats
  A frilled lizard (D:1)
  14 kobolds
  4 rats
56 creatures vanquished.

Vanquished Creatures (others)
  A hobgoblin (D:3)
  5 fungi (D:2)
  9 toadstools (D:2)
15 creatures vanquished.

Grand Total: 71 creatures vanquished

Notes
Turn   | Place    | Note
-------+----------+-------------------------------------------
     0 | D:1      | Dfrag the Demonspawn Fire Elementalist began the quest for
                  | the Orb.
     0 | D:1      | Reached XP level 1. HP: 13/13 MP: 3/3
   183 | D:1      | Gained mutation: You are partially covered in rugged brown
                  | scales. (AC +1, +3% HP) [demonic ancestry]
   183 | D:1      | Reached XP level 2. HP: 13/19 MP: 1/5
   952 | D:2      | Reached XP level 3. HP: 24/24 MP: 3/6
  1007 | D:2      | Found an opulent altar of Gozag.
  1007 | D:2      | Found a sparkling altar of Nemelex Xobeh.
  1446 | D:2      | Gained mutation: You sometimes gain a little power by
                  | taking damage. [demonic ancestry]
  1446 | D:2      | Reached XP level 4. HP: 20/30 MP: 3/8
  1561 | D:2      | Reached XP level 5. HP: 24/36 MP: 1/9
  2250 | D:3      | Killed from afar by an orc priest

Levels and vault maps discovered:
D:1:      dpeg_arrival_chambers_temple_mockup, layout_loops_ring,
          minmay_pentomino_r4
D:2:      cheibrodos_fertilizer, layout_loops_cross,
          grunt_temple_overflow_opulence, first_ration
D:3:      layout_basic, grunt_temple_overflow_open
D:4:      layout_cave_pods, nicolae_overflow_crystal_walls,
          vehumet_altar_wand_db, minmay_misc_feat_x

Skill      XL: |  1  2  3  4  5 |
---------------+----------------+-----
Fire Magic     | 3 |  3.9
Conjurations   | 2 3 |  3.1
Spellcasting   | 3 |  3.4
Dodging        | |  1.7
Stealth        | |  1.7

Action                   |  1- 3 |  4- 6 || total
-------------------------+-------+-------++-------
Melee: Unarmed           |    13 |    56 ||    69
 Cast: Flame Tongue      |    60 |    38 ||    98
  Eat: Chunk             |     2 |     3 ||     5
Armor: Robe              |    12 |    16 ||    28
Dodge: Dodged            |    30 |    49 ||    79
Block: Other             |     6 |     5 ||    11
       Reflection        |     2 |     1 ||     3

Table legend:
 A = Non-vault XP
 B = Vault XP
 C = Vault XP percentage of total XP
 D = Non-vault monster count
 E = Vault monster count
 F = Vault count percentage of total count
                 A         B        C        D         E       F
            +---------+---------+-------+---------+---------+-------
      Total |      77 |     206 |  72.8 |      34 |      23 |  40.4
            +---------+---------+-------+---------+---------+-------
        D:1 |      23 |       6 |  20.7 |      14 |       4 |  22.2
        D:2 |      37 |     200 |  84.4 |      11 |      19 |  63.3
        D:3 |      17 |       0 |   0.0 |       9 |       0 |   0.0
            +---------+---------+-------+---------+---------+-------
